 Dungeon Crawl Stone Soup version 0.28-a0-1567-g1695149f81 (webtiles) character file.

Game seed: 1901522504514409914

434 karkarkar the Skirmisher (level 6, -10/63 HPs)
             Began as a Troll Fighter on Jan 5, 2022.
             Was an Initiate of Gozag.
             Mangled by an ogre (27 damage)
             ... on level 4 of the Dungeon on Jan 20, 2022.
             The game lasted 00:09:47 (3008 turns).

karkarkar the Skirmisher (Troll Fighter)            Turns: 3008, Time: 00:09:49

Health: -10/63     AC:  5    Str: 27    XL:     6   Next: 67%
Magic:  5/5        EV:  9    Int: 10    God:    Gozag
Gold:   318        SH:  7    Dex:  9    Spells: 5/5 levels left

rFire   . . .      SeeInvis .   b - +2 broad axe (freeze)
rCold   . . .      Faith    .   s - +0 kite shield
rNeg    . . .      Spirit   .   a - +0 robe
rPois   +          Reflect  .   (helmet restricted)
rElec   .          Harm     .   n - +0 cloak
rCorr   .          Rampage  .   (gloves unavailable)
Will    .....                   (boots unavailable)
Stlth   +.........              (no amulet)
HPRegen 1.00/turn               t - +6 ring of intelligence
MPRegen 0.09/turn               l - ring of poison resistance

@: gold aura, hasted, very quick
A: large, unfitting armour, claws 3, regeneration 1, shaggy fur 1, tough skin 1
a: Renounce Religion, Potion Petition, Call Merchant, Bribe Branch


You were on level 4 of the Dungeon.
You worshipped Gozag.
Gozag was aware of your devotion.
You visited 1 branch of the dungeon, and saw 4 of its levels.

You collected 586 gold pieces.
You spent 268 gold pieces at shops.

Inventory:

Hand Weapons
 b - a +2 broad axe of freezing (weapon)
Missiles
 e - 27 poisoned darts (quivered)
 i - 3 atropa-tipped darts
 j - 4 curare-tipped darts
 q - a boomerang
Armour
 a - a +0 robe (worn)
 n - a +0 cloak (worn)
 s - a +0 kite shield (worn)
Jewellery
 l - a ring of poison resistance (right claw)
 t - a +6 ring of intelligence (left claw)
Wands
 u - a wand of acid (10)
Scrolls
 f - 2 scrolls of immolation
 g - a scroll of teleportation {unknown}
 h - a scroll of blinking {unknown}
 k - a scroll of noise
 p - a scroll of torment {unknown}
 v - a scroll of amnesia {unknown}
Potions
 c - a potion of berserk rage {unknown}
 m - 2 potions of flight
 o - a potion of resistance {unknown}
 r - a potion of ambrosia {unknown}


   Skills:
 + Level 4.3 Fighting
 + Level 2.4 Axes
 - Level 3.3 Dodging
 - Level 2.8 Shields
 - Level 3.3 Unarmed Combat


You had 5 spell levels left.
You didn't know any spells.
Your spell library contained the following spells:

 Spells                   Type           Power      Damage    Failure   Level
 Animate Skeleton         Necr           0%         N/A       67%         1
 Freeze                   Ice            0%         1d3       67%         1
 Pain                     Necr           0%         1d4       67%         1
 Frozen Ramparts          Ice            0%         1d2       95%         3
 Vampiric Draining        Necr           0%         2d6       95%         3
 Hailstorm                Conj/Ice       0%         3d3       100%        4


Dungeon Overview and Level Annotations

Branches:
Dungeon (4/15)
 Temple: D:4-7

Altars:
Gozag
Nemelex Xobeh
Sif Muna
Uskayaw
Yredelemnul

Shops:
D:2 *   D:3 [

Portals:
Sewer: D:4


Innate Abilities, Weirdness & Mutations

You are too large for most types of armour.
You have claws for hands.
Your natural rate of healing is unusually fast.
You are covered in fur. (AC +1)
You have tough skin. (AC +1)


Message History

You miss the adder. You hit the ogre but do no damage.
The giant cockroach is no longer distracted by gold.
You block the adder's attack. The adder bites you but does no damage.
The ogre hits you with a +0 giant spiked club!!
You block the adder's attack.
You are too injured to fight recklessly!
You are too injured to fight recklessly!
Unknown command.
You feel yourself speed up. The adder closely misses you.
The giant cockroach is distracted by your dazzling golden aura.
The ogre hits you with a +0 giant spiked club!
The adder is distracted by your dazzling golden aura.
The adder bites you.
The adder hisses angrily.
You are too injured to fight recklessly!
You are too injured to fight recklessly!
You are too injured to fight recklessly!
You slash the ogre! You freeze the ogre.
The ogre is heavily wounded.
You hit the adder. You freeze the adder. You barely miss the adder.
The adder is no longer distracted by gold.
The adder bites you. You block the adder's attack.
The ogre hits you with a +0 giant spiked club!
* * * LOW HITPOINT WARNING * * *
The adder closely misses you.
You slash the ogre! You freeze the ogre.
The ogre is almost dead.
You slash the adder!
The adder seems to slow down.
You freeze the adder. You slash the adder! You freeze the adder.
You kill the adder!
The adder closely misses you.
Unknown command.
You barely miss the ogre.
The ogre is almost dead.
You slash the adder!
The adder seems to slow down.
You freeze the adder.
You kill the adder!
You barely miss the giant cockroach.
The ogre hits you with a +0 giant spiked club!!
You die...
Your body crumbles into a pile of gold.

######### #.......#####
#...........#
#..#######.#
#..#≈≈≈≈≈#.#
#####.B'B≈∩≈≈#.#
#....$B#≈≈≈≈≈#.####
#.....@#######....#
#.....O..$........#
#......##..###'########
#.......#..#...........
#.......#..#...........
#.......#..#...........
#.......#..+...........
#.......##+#...........
#...... ....########..


You could see an ogre and 3 giant cockroaches.

Vanquished Creatures
  2 ogres (D:4)
  A jelly (D:4)
  An orc wizard (D:4)
  8 gnolls (D:3)
  6 adders
  2 adder skeletons
  A worm (D:4)
  5 orcs (D:4)
  3 bats
  6 endoplasms
  3 giant cockroaches
  6 goblins
  10 hobgoblins
  3 jackals (D:4)
  4 quokkas
  8 ball pythons
  2 frilled lizards
  6 kobolds
  3 rats
80 creatures vanquished.

Notes
Turn   | Place    | Note
-------+----------+-------------------------------------------
     0 | D:1      | karkarkar the Troll Fighter began the quest for the Orb.
     0 | D:1      | Reached XP level 1. HP: 22/22 MP: 0/0
    38 | D:1      | Upgraded the game from 0.28-a0-1404-g4df0f3684d to
                  | 0.28-a0-1567-g1695149f81
    75 | D:1      | Reached XP level 2. HP: 25/29 MP: 1/1
   441 | D:1      | Found a faded altar of an unknown god.
   453 | D:1      | Prayed at the altar of an unknown god.
   453 | D:1      | Became a worshipper of Gozag Ym Sagoz the Greedy
   482 | D:1      | Reached XP level 3. HP: 25/36 MP: 2/2
   582 | D:2      | Found a hide-covered altar of Uskayaw.
  1107 | D:2      | Found Fidoeruo's General Store.
  1206 | D:2      | Bought 3 curare-tipped darts for 18 gold pieces
  1303 | D:3      | Found a sparkling altar of Nemelex Xobeh.
  1408 | D:3      | Reached XP level 4. HP: 44/44 MP: 3/3
  1509 | D:3      | Reached skill level 3 in Fighting
  1556 | D:3      | Found Jyt Qiomm's Armour Emporium.
  1561 | D:3      | Bought a +0 cloak for 58 gold pieces
  2030 | D:3      | Reached XP level 5. HP: 53/53 MP: 4/4
  2135 | D:3      | Found a shimmering blue altar of Sif Muna.
  2316 | D:2      | Bought a +2 broad axe of freezing for 192 gold pieces
  2455 | D:4      | Found a basalt altar of Yredelemnul.
  2603 | D:4      | Reached skill level 1 in Axes
  2682 | D:4      | Noticed an ogre
  2696 | D:4      | Killed an ogre
  2697 | D:4      | Reached skill level 4 in Fighting
  2697 | D:4      | Reached XP level 6. HP: 51/62 MP: 5/5
  2992 | D:4      | Found a glowing drain.
  3008 | D:4      | Mangled by an ogre

Illustrated notes

Levels and vault maps discovered:
D:1:      elethiomel_arrival_quiet, layout_rooms,
          hellmonk_ecumenical_altar_arch_garden
D:2:      layout_rooms, basic_altar, serial_shops, shop_statue,
          grunt_decor_mini_mirrors
D:3:      layout_loops_corners, lemuel_doored_altar, lemuel_blue_sif_altar,
          serial_shops, nicolae_shop_hallway_plus
D:4:      layout_gridville, amcnicky_altar_gilded, gup_sewer_entry_glass,
          kennysheep_generic_room_11

Skill      XL: |  1  2  3  4  5  6 |
---------------+-------------------+-----
Fighting       | 3 4 |  4.3
Dodging        | 3 |  3.3
Unarmed Combat | 3 |  3.3
Axes           | 1 2 |  2.4
Shields        | |  2.8

Action                   |  1- 3 |  4- 6 || total
-------------------------+-------+-------++-------
Melee: Unarmed           |    90 |    53 ||   143
       Broad axe         |       |    63 ||    63
Throw: Dart              |    37 |    41 ||    78
       Boomerang         |       |     4 ||     4
  Use: Potion            |     1 |     2 ||     3
       Scroll            |     1 |     4 ||     5
Armor: Robe              |    28 |    31 ||    59
Dodge: Dodged            |    34 |    34 ||    68
Block: Kite shield       |    31 |    46 ||    77

Table legend: (Time is in decaauts)
 A = Elapsed time spent in this place.
 B = Non-inter-level travel time spent in this place.
 C = Inter-level travel time spent in this place.
 D = Time resting spent in this place.
 E = Time spent auto-exploring this place.
 F = Levels seen in this place.
 G = Mean time per level.
                   A        B        C        D        E       F      G
               +--------+--------+--------+--------+--------+-----+--------+
         Total |   3055 |   2821 |    234 |     18 |   2133 |   4 |  763.8 |
       Dungeon |   3055 |   2821 |    234 |     18 |   2133 |   4 |  763.8 |
               +--------+--------+--------+--------+--------+-----+--------+

Top non-repeatable levels by time:
     D:3: 1052 daAuts
     D:2: 856 daAuts
     D:4: 643 daAuts
     D:1: 502 daAuts
